 Dungeon Crawl Stone Soup version 0.26-a0-712-ga5a9c9c9d0 (webtiles) character file.

Game seed: 15756874825856060471

1434 runemasterragnar the Slasher (level 8, 0/54 HPs)
             Began as an Octopode Fighter on Oct 31, 2020.
             Was an Initiate of Gozag.
             Slain by an orc warrior
             ... wielding a +0 battleaxe
              (33 damage)
             ... on level 6 of the Dungeon.
             The game lasted 00:07:45 (6967 turns).

runemasterragnar the Slasher (Octopode Fighter)     Turns: 6967, Time: 00:07:46

Health: 0/54       AC:  1    Str: 15    XL:     8   Next: 73%
Magic:  8/8        EV: 14    Int: 12    God:    Gozag
Gold:   686        SH: 10    Dex: 18    Spells: 7/7 levels left

rFire    + . .     SeeInvis .   a - +1 long sword
rCold    + . .     Faith    .   b - +0 kite shield
rNeg     . . .     Spirit   .   (helmet restricted)
rPois    +         Reflect  .   (no amulet)
rElec    +         Harm     .   q - +6 ring of dexterity
rCorr    +         Rampage  .   x - ring of wizardry
MR       .....                  (no ring)
Stlth    ++++......             (no ring)
HPRegen  0.18/turn              (no ring)
MPRegen  0.11/turn              (no ring)
                                (no ring)
                                (no ring)

@: resistant, gold aura
A: almost no armour, stealthy swim, amphibious, 8 rings, constrict 8, camouflage
1, gelatinous body 1
a: Potion Petition, Call Merchant, Bribe Branch, Renounce Religion


You were on level 6 of the Dungeon.
You worshipped Gozag.
Gozag was pleased with you.
You visited 1 branch of the dungeon, and saw 6 of its levels.

You collected 726 gold pieces.
You paid 40 gold pieces to Gozag.

Inventory:

Hand Weapons
 a - a +1 long sword (weapon)
Missiles
 j - 33 poisoned darts (quivered)
 v - 13 boomerangs
Armour
 b - a +0 kite shield (worn)
Jewellery
 q - a +6 ring of dexterity (left tentacle)
 x - a ring of wizardry (right tentacle)
 y - an uncursed ring of fire
Scrolls
 f - 2 scrolls of random uselessness {unknown}
 h - 2 scrolls of blinking {unknown}
 i - 4 scrolls of enchant weapon
 k - a scroll of magic mapping {unknown}
 l - 9 scrolls of remove curse
 r - 2 scrolls of amnesia {unknown}
 u - a scroll of teleportation {unknown}
 w - 2 scrolls of fear {unknown}
 A - a scroll of immolation {unknown}
 B - a scroll of identify
Potions
 c - 2 potions of might
 d - 3 potions of curing
 e - a potion of stabbing
 g - 2 potions of degeneration
 m - 3 potions of brilliance
 n - a potion of resistance
 o - 4 potions of ambrosia
 p - 3 potions of heal wounds
 s - a potion of mutation {unknown}
 t - a potion of lignification {unknown}
 z - a potion of cancellation {unknown}


   Skills:
 + Level 4.7 Fighting
 * Level 5.6 Long Blades
 + Level 3.3 Throwing
 + Level 4.6 Dodging
 + Level 5.1 Stealth
 + Level 4.6 Shields
 + Level 3.3 Unarmed Combat


You had 7 spell levels left.
You didn't know any spells.
Your spell library was empty.

Dungeon Overview and Level Annotations

Branches:
Dungeon (6/15)             Temple (0/1) D:4

Altars:
Ashenzari
Cheibriados
Gozag
Okawaru
Ru
Sif Muna
Xom
Yredelemnul
The Shining One

Shops:
D:5 =


Innate Abilities, Weirdness & Mutations

You cannot wear most types of armour.
You are very stealthy in the water. (Stealth+)
You are amphibious.
You can wear up to eight rings at the same time.
You can use your tentacles to constrict eight enemies at once.
Your skin changes colour to match your surroundings (Stealth+).
Your rubbery body absorbs attacks. (AC +1, EV +1)


Message History

* * * LOW HITPOINT WARNING * * *
The orc wizard shouts!
You feel much better.
The orc wizard is no longer distracted by gold.
You block the orc's attack.
The orc wizard sings a few bars from the Orcish anthem.
The orc wizard gestures at you while chanting.
You resist with some effort. The orc warrior barely misses you.
You riposte.
You hit the orc warrior. You grab the orc warrior.
The orc warrior is lightly wounded.
Unknown command.
You hit the orc warrior but do no damage.
The orc warrior is lightly wounded.
You constrict the orc warrior. The orc closely misses you.
You riposte.
You closely miss the orc. Your grab misses the orc.
You block the orc wizard's attack.
The orc warrior hits you with a +0 battleaxe!!
Ouch! That really hurt!
You die...
Your body crumbles into a pile of gold.

#........# ##.#
#.###.##.# #.#
#.###.##.# #.#
#.##...#.# ##'#
#####.##..[#.#
##...
#≈≈≈≈.≈≈≈≈.#.#
##....
#≈##≈.≈##≈.#.#
##.....
##o###≈...###......
#o@$#≈≈.....+......
#$o.#≈≈...###......
#.).#≈≈.#.# ##.....
######≈##.# ##....
#≈##≈≈≈##≈##.#
##...
#≈≈≈≈≈≈≈≈≈##.# ##'#
######....(..# #.#
###.##### #.# #.#
##.#


You could see an orc warrior, an orc wizard and an orc.

Vanquished Creatures
  Edmund (D:4)
  Duvessa (D:4)
  An ice beast (D:6)
  A phantom (D:5)
  A gnoll sergeant (D:4)
  Dowan (D:4)
  2 scorpions
  An electric eel (D:6)
  A hound (D:5)
  A quasit (D:6)
  A bullfrog skeleton (D:6)
  A jelly (D:5)
  3 orc priests
  Jessica (D:2)
  5 orc wizards
  2 iguanas (D:5)
  3 worker ants
  4 gnolls (D:4)
  10 adders
  A white imp (D:5)
  An ufetubus (D:6)
  2 oozes
  3 adder skeletons
  A dart slug (D:3)
  6 worms
  4 leopard geckos
  9 orcs
  A ball python (D:5)
  7 bats
  6 giant cockroaches
  5 goblins
  9 hobgoblins
  2 jackals (D:6)
  9 kobolds
  7 quokkas
  3 frilled lizards
  A leopard gecko skeleton (D:4)
  6 rats
124 creatures vanquished.

Vanquished Creatures (others)
  44 plants (D:5)
44 creatures vanquished.

Grand Total: 168 creatures vanquished

Notes
Turn   | Place    | Note
-------+----------+-------------------------------------------
     0 | D:1      | runemasterragnar the Octopode Fighter began the quest for
                  | the Orb.
     0 | D:1      | Reached XP level 1. HP: 16/16 MP: 1/1
   204 | D:1      | Reached XP level 2. HP: 21/21 MP: 2/2
   495 | D:1      | Found a glowing golden altar of the Shining One.
   580 | D:2      | Found a shimmering blue altar of Sif Muna.
   589 | D:2      | Reached XP level 3. HP: 26/26 MP: 3/3
   613 | D:2      | Noticed Jessica
   619 | D:2      | Reached skill level 1 in Stealth
   623 | D:2      | Killed Jessica
   623 | D:2      | Reached skill level 1 in Throwing
   623 | D:2      | Reached XP level 4. HP: 28/31 MP: 4/4
  1383 | D:2      | Reached skill level 1 in Unarmed Combat
  1709 | D:3      | Reached XP level 5. HP: 35/36 MP: 5/5
  1845 | D:3      | Found an opulent altar of Gozag.
  1851 | D:3      | Became a worshipper of Gozag Ym Sagoz the Greedy
  2141 | D:4      | Found a staircase to the Ecumenical Temple.
  2260 | D:4      | Reached XP level 6. HP: 38/42 MP: 6/6
  2460 | D:3      | Found a broken altar of Ashenzari.
  2524 | D:3      | Found a faded altar of an unknown god.
  2951 | D:3      | Found a basalt altar of Yredelemnul.
  2951 | D:3      | Found a shimmering altar of Xom.
  3008 | D:4      | Noticed Edmund
  3018 | D:4      | Killed Edmund
  3020 | D:4      | Reached XP level 7. HP: 30/47 MP: 7/7
  3397 | D:4      | Noticed Duvessa
  3397 | D:4      | Noticed Dowan
  3406 | D:4      | Killed Duvessa
  3408 | D:4      | Killed Dowan
  3895 | D:4      | Found a snail-covered altar of Cheibriados.
  4139 | D:5      | Entered Level 5 of the Dungeon
  4595 | D:5      | Reached XP level 8. HP: 14/54 MP: 8/8
  4843 | D:5      | Found an iron altar of Okawaru.
  4876 | D:5      | Reached skill level 5 in Long Blades
  5000 | D:5      | Found Wygoneb's Jewellery Emporium.
  5119 | D:5      | Found a sacrificial altar of Ru.
  6313 | D:6      | Reached skill level 5 in Stealth
  6967 | D:6      | Slain by an orc warrior

Illustrated notes

Levels and vault maps discovered:
D:1:      minmay_arrival_widening_spiral_wide, layout_basic, tso_altar
D:2:      kennysheep_big_flooded_room, layout_loops_ring,
          overflow_temple_1_default, uniq_jessica
D:3:      minmay_angry_zag, layout_loops_cross, grunt_gozag_statues,
          gammafunk_temple_overflow_wave,
          chequers_ecumenical_altar_simple_redux, evilmike_ruin_ashenzari
D:4:      layout_basic, cheibriados_altar_1, minmay_temple_entry_large_hall,
          uniq_edmund, uniq_duvessa
D:5:      layout_rooms, okawaru_gym_becter, lemuel_round_altar, serial_bayou,
          serial_bayou_pond_c, serial_bayou_pond_e, serial_bayou_lake_a,
          serial_bayou_pond_c, serial_shops, shop
D:6:      layout_loops_corners, gup_sewer_entry_bowl, lightli_minifort

Skill      XL: |  1  2  3  4  5  6  7  8 |
---------------+-------------------------+-----
Stealth        | 1 2 3 4 5 |  5.1
Throwing       | 1 2 3 |  3.3
Long Blades    | 3 4 5 |  5.6
Unarmed Combat | 1 2 3 |  3.3
Dodging        | 4 |  4.6
Shields        | 4 |  4.6
Fighting       | 4 |  4.7

Action                   |  1- 3 |  4- 6 |  7- 9 || total
-------------------------+-------+-------+-------++-------
Melee: Long sword        |    32 |   109 |   148 ||   289
       Constrict         |    11 |    34 |    33 ||    78
       Tentacles         |     4 |    25 |    40 ||    69
       Punch             |       |     1 |     5 ||     6
Throw: Dart              |       |     2 |    11 ||    13
  Use: Scroll            |       |     2 |     6 ||     8
       Potion            |       |       |     3 ||     3
 Stab: Sleeping          |     2 |    13 |     8 ||    23
       Distracted        |       |     1 |     3 ||     4
       Invisible         |       |       |     1 ||     1
Armor: Skin              |     4 |     4 |     8 ||    16
Dodge: Dodged            |    12 |    49 |    84 ||   145
Block: Kite shield       |    17 |    56 |    67 ||   140
       Rpst.: Long sword |     6 |    14 |    20 ||    40

Table legend: (Time is in decaauts)
 A = Elapsed time spent in this place.
 B = Non-inter-level travel time spent in this place.
 C = Inter-level travel time spent in this place.
 D = Time resting spent in this place.
 E = Time spent auto-exploring this place.
 F = Levels seen in this place.
 G = Mean time per level.
                   A        B        C        D        E       F      G
               +--------+--------+--------+--------+--------+-----+--------+
         Total |   7047 |   6894 |    153 |    992 |   4800 |   6 | 1174.5 |
       Dungeon |   7047 |   6894 |    153 |    992 |   4800 |   6 | 1174.5 |
               +--------+--------+--------+--------+--------+-----+--------+

Top non-repeatable levels by time:
     D:6: 1859 daAuts
     D:4: 1695 daAuts
     D:3: 1106 daAuts
     D:2: 1051 daAuts
     D:5: 772 daAuts
     D:1: 561 daAuts
